 Dungeon Crawl Stone Soup version 0.24.0-125-gc4c63601f3 (webtiles) character file.

Game seed: 13840145938637429104, levelgen mode: deterministic

382445 Amplified the Slayer (level 21, 0/206 HPs)
             Began as a Centaur Monk on Mar 8, 2020.
             Was the Champion of Ashenzari.
             Slain by a vampire knight
             ... wielding a +0 long sword
              (6 damage)
             ... on level 3 of the Crypt on Mar 10, 2020.
             The game lasted 01:35:27 (53663 turns).

Amplified the Slayer (Centaur Monk)                Turns: 53663, Time: 01:35:28

Health: 0/206      AC: 32    Str: 19    XL:     21   Next: 93%
Magic:  36/36      EV: 29    Int:  8    God:    Ashenzari [******]
Gold:   1168       SH:  0    Dex: 24    Spells: 37/43 levels left

rFire    . . .     SeeInvis +   b - +9 longbow (velocity) (curse)
rCold    . . .     Gourm    .   (shield currently unavailable)
rNeg     + + .     Faith    .   n - +1 chain mail of the Moon Troll {rN+ Str+3 Dex+5 Stlth-}
rPois    .         Spirit   .   a - +2 helmet (curse)
rElec    .         Reflect  .   k - +2 cloak (curse)
rCorr    .         Harm     .   F - +0 pair of gloves {archery} (curse)
MR       ++...     Clarity  +   T - +1 centaur barding
Stlth    ..........             q - amulet of the acrobat (curse)
HPRegen  0.44/turn              y - ring of protection from magic
MPRegen  0.25/turn              f - ring of positive energy

@: acrobat, studying 2 skills, very quick
A: large, hooves 3, blurry vision 1, deformed body, dopey 1, speed 2, tough skin
3
}: 2/15 runes: decaying, serpentine
a: Curse Item, Scrying, Transfer Knowledge, Renounce Religion


You were on level 3 of the Crypt.
You worshipped Ashenzari.
Ashenzari was exalted by your worship.
You were hungry.

You visited 8 branches of the dungeon, and saw 41 of its levels.
You visited the Abyss 1 time.
You also visited: Sewer and Ice Cave.

You collected 3933 gold pieces.
You spent 2765 gold pieces at shops.

Inventory:

Hand Weapons
 b - a cursed +9 longbow of velocity (weapon)
 o - a +2 longbow of flaming
 D - a +5 halberd of freezing
Missiles
 p - 612 arrows (quivered)
Armour
 a - a cursed +2 helmet (worn)
 k - a cursed +2 cloak (worn)
 n - the +1 chain mail of the Moon Troll (worn) {rN+ Str+3 Dex+5 Stlth-}
   (You bought it in a shop on level 2 of the Orcish Mines)

   It affects your strength (+3).
   It affects your dexterity (+5).
   It protects you from negative energy.
   It makes you less stealthy.
 E - a +1 chain mail of fire resistance
 F - a cursed +0 pair of gloves of archery (worn)
 H - the +1 ring mail "Qasuun" {rPois Int+4 SInv}
   (You found it on level 2 of the Lair of Beasts)

   It affects your intelligence (+4).
   It protects you from poison.
   It lets you see invisible.
 T - a +1 centaur barding (worn)
Jewellery
 d - an uncursed ring of positive energy
 f - a ring of positive energy (right hand)
 q - a cursed amulet of the acrobat (around neck)
 y - a ring of protection from magic (left hand)
 M - an uncursed amulet of harm
 N - an uncursed amulet of guardian spirit
 O - an uncursed ring of protection from magic
 P - an uncursed ring of ice
Wands
 e - a wand of iceblast (25)
 j - a wand of enslavement (13)
 w - a wand of disintegration (4)
 C - a wand of digging (5)
 K - a wand of acid (11)
 Q - a wand of flame (56)
 X - a wand of paralysis (25)
Scrolls
 i - 10 scrolls of magic mapping
 l - 12 scrolls of remove curse
 m - 14 scrolls of amnesia
 r - a scroll of brand weapon
 s - 8 scrolls of teleportation
 A - 2 scrolls of fear
 G - a scroll of fog
 J - 2 scrolls of summoning
 U - 18 scrolls of identify
 V - 2 scrolls of holy word
 Z - 5 scrolls of enchant weapon
Potions
 g - a potion of haste
 t - 6 potions of flight
 u - 6 potions of brilliance
 x - 2 potions of cancellation
 z - 12 potions of curing
 B - 4 potions of ambrosia
 I - 4 potions of magic
 L - 4 potions of mutation
 Y - 2 potions of agility
Books
 h - a manual of Fighting
 W - a manual of Air Magic
Miscellaneous
 v - a phantom mirror
 R - a lightning rod (4/4)
Comestibles
 c - 47 rations


   Skills:
 * Level 21.7 Fighting
 - Level 11.3 Polearms
 - Level 15.2(20.4) Bows
 - Level 13.7(17.7) Armour
 - Level 13.6 Dodging
 - Level 1.1 Stealth
 * Level 11.9 Spellcasting
 * Level 12.3 Air Magic


You had 37 spell levels left.
You knew the following spells:

 Your Spells              Type           Power        Failure   Level  Hunger
a - Apportation           Tloc           #.....       54%         1    None
b - Blink                 Tloc           N/A          69%         2    #......
c - Portal Projectile     Hex/Tloc       #.....       89%         3    ##.....

Your spell library contained the following spells:

 Spells                   Type           Power        Failure   Level  Hunger
 Animate Skeleton         Necr           N/A          54%         1    None
 Corona                   Hex            #......      54%         1    None
 Pain                     Necr           #...         54%         1    None
 Summon Butterflies       Summ           #.......     54%         1    None
 Ensorcelled Hibernation  Hex/Ice        #.....       69%         2    #......
 Shroud of Golubria       Chrm/Tloc      #.....       69%         2    #......
 Slow                     Hex            #.......     69%         2    #......
 Confuse                  Hex            #.......     89%         3    ##.....
 Dazzling Spray           Conj/Hex       #.....       89%         3    ##.....
 Gell's Gravitas          Tloc           #.........   89%         3    ##.....
 Ignite Poison            Fire/Tmut/Pois #.......     89%         3    ##.....
 Inner Flame              Hex/Fire       #.......     89%         3    ##.....
 Lesser Beckoning         Tloc           #.........   89%         3    ##.....
 Regeneration             Chrm/Necr      #.........   89%         3    ##.....
 Teleport Other           Tloc           #.......     89%         3    ##.....
 Tukima's Dance           Hex            #.......     89%         3    ##.....
 Vampiric Draining        Necr           #.........   89%         3    ##.....
 Animate Dead             Necr           N/A          100%        4    ####...
 Cause Fear               Hex            #.........   100%        4    ####...
 Leda's Liquefaction      Hex/Erth       #.........   100%        4    ####...
 Passage of Golubria      Tloc           N/A          100%        4    ####...
 Alistair's Intoxication  Tmut/Pois      #.......     100%        5    ######.
 Bolt of Magma            Conj/Fire/Erth #.........   100%        5    ######.
 Fireball                 Conj/Fire      #.........   100%        5    ######.
 Bolt of Fire             Conj/Fire      #.........   100%        6    #######
 Invisibility             Hex            #.......     100%        6    #######
 Iron Shot                Conj/Erth      #.........   100%        6    #######
 Statue Form              Tmut/Erth      #........    100%        6    #######
 Haunt                    Necr/Summ      #.........   100%        7    #######
 Ring of Flames           Chrm/Fire      #.........   100%        7    #######
 Borgnjor's Revivificati  Necr           #.........   100%        8    #######
 Death's Door             Chrm/Necr      #.........   100%        8    #######
 Ignition                 Fire           #.........   100%        8    #######
 Infestation              Necr           #.........   100%        8    #######
 Necromutation            Tmut/Necr      #.........   100%        8    #######
 Shatter                  Erth           #.........   100%        9    #######


Dungeon Overview and Level Annotations

Branches:
Dungeon (15/15)            Temple (0/1) D:5            Lair (6/6) D:8
  Swamp (4/4) Lair:2        Snake (4/4) Lair:3        Slime (0/5) Lair:5
    Orc (2/2) D:10            Elf (3/3) Orc:2        Vaults (4/5) D:13
  Crypt (3/3) Vaults:3       Tomb (0/3) Crypt:3      Depths (0/5) D:15
  Sewer (visited)           IceCv (visited)

Altars:
Ashenzari
Cheibriados
Dithmenos
Gozag
Hepliaklqana
Makhleb
Nemelex Xobeh
Qazlal
Sif Muna
Uskayaw
Beogh

Shops:
D:4 }   D:6 *   Orc:2 *(*:[   Vaults:3 :

Annotations:
Lair:6 exclusion: oklob plant
Swamp:2 Roxanne
Elf:1 Need +res
Crypt:3 Jory, Xtahua


Innate Abilities, Weirdness & Mutations

You have hooves in place of feet.
Armour fits poorly on your strangely shaped body.
You cover ground very quickly.
You have extremely tough skin. (AC +3)
Scrolls take you a little longer to read.
You are dopey. (Int -2)


Message History

You feel better.
The skeletal warrior hits you with a +0 hand axe!
* * * LOW HITPOINT WARNING * * *
Unknown command.
Okay, then.
Your magical contamination has completely faded away.
The vampire knight points at you and mumbles some strange words.
You suddenly lose the ability to move!
Xtahua breathes flames at you. The searing blast hits you!
* * * LOW HITPOINT WARNING * * *
You are engulfed in blazing flames.
The vampire knight blinks!
You are engulfed in blazing flames.
The vampire knight blinks!
You are engulfed in blazing flames.
* * * LOW HITPOINT WARNING * * *
A vampire mage comes into view.
A sphinx comes into view.
The skeletal warrior hits you but does no damage.
You can move again.
The vampire knight hits you with a +0 long sword.
You die...

*,,,,,,,,,,{,,*#.........#
*,8,,,,,,,,,8,*#.........#
*,,,,,,,,,,,,,*#.........#
*,8,,,,,,,,,8,*#...#####.#
*,,,,,,,,,,,,,*#...+...#.#
*,8,,,,,,,,{8,##...#...#.#
,,,,,,,..,{,,,.....#...#.#
****#V....****##.......#.#
***##.....####*#@..#...#.#
*,,..V........##☼Vz#...#.#
*,,......V.....Vz..#...#.#
...,,...........D..#...#.#
...,,{{............#+..#.##
.zz{{####H####.#..........##
.{z.,#....☼..#..#...##...#.#
.....#Z#.###D##..#..##..#|.#
,....#.#,,,#.##...#....#...#


You could see Xtahua, a vampire knight, 2 skeletal warriors and a vampire.

Vanquished Creatures
  Mara (Crypt:1)
  2 tentacled monstrosities
  Jorgrun (Swamp:2)
  The ghost of Maplein the Brawler, an adept TrFi of Nemelex Xobeh (Vaults:2)
  Rupert (D:15)
  Frances (Swamp:1)
  An ancient champion (Vaults:3)
  The ghost of thethe the Brawler, an adept TrWz of Cheibriados (Snake:4)
  Agnes (Snake:2)
  Kirke (D:15)
  5 thorn hunters
  14 nagarajas
  A storm dragon (Vaults:4)
  4 deep elf sorcerers
  2 orc warlords (Orc:2)
  7 vault wardens
  5 ghouls (Crypt:1)
  A reaper (Crypt:3)
  5 vampire knights
  2 deep elf demonologists
  2 stone giants (Vaults:4)
  17 ironheart preservers
  3 deep elf annihilators
  5 eidola
  An ettin (Vaults:1)
  A deep elf death mage (Elf:1)
  4 fire dragons
  Josephine (Lair:6)
  8 jiangshi
  8 yaktaur captains
  A deep elf high priest (Elf:1)
  8 vault guards
  12 ogre magi
  3 rakshasas
  17 naga warriors
  11 hydras
  An ice dragon (Vaults:2)
  2 ghost crabs
  The ghost of fritzmikael the Fighter, a novice NaFi of Cheibriados (D:10)
  45 two-headed ogres
  3 shambling mangroves
  7 centaur warriors
  14 anacondas
  7 dancing weapons
  3 death yaks (D:13)
  2 tengu warriors
  4 alligators
  3 death knights
  Erica (D:8)
  A deep troll shaman (Vaults:4)
  2 orc high priests
  A soul eater (Crypt:1)
  A thrashing horror (Abyss:2)
  8 shock serpents
  Urug (Lair:6)
  9 deep elf knights
  7 spriggans
  5 vampire magi
  18 naga sharpshooters
  16 skeletal warriors
  A golden dragon zombie (Crypt:1)
  6 salamander mystics
  A shadow wraith (Vaults:1)
  3 spriggan druids
  3 flayed ghosts
  11 deep elf archers
  8 swamp dragons (Swamp:4)
  5 unseen horrors
  8 harpies
  8 naga ritualists
  5 wizards
  2 sea snakes (Lair:6)
  An iron giant skeleton (Crypt:1)
  3 deep trolls (Vaults:4)
  8 phantasmal warriors
  3 necromancers
  12 ironbrand convokers
  16 orc knights
  A frost giant zombie (Crypt:1)
  17 ugly things
  A tengu skeleton (Vaults:4)
  13 mana vipers
  33 deep elf magi
  14 salamanders
  7 wolf spiders
  6 orc sorcerers
  3 manticores
  12 cyclopes
  8 elephants
  4 guardian serpents
  43 black mambas
  An eye of devastation (shapeshifter) (Vaults:4)
  2 gargoyles
  26 naga magi
  4 ice statues (IceCv)
  A storm dragon simulacrum (Vaults:2)
  Joseph (D:9)
  A guardian serpent (shapeshifter) (Vaults:4)
  2 torpor snails (Lair:5)
  The ghost of Lemonice the Grasshopper, a novice GnWr (D:4)
  5 centaur skeletons
  19 spiny frogs
  5 vault sentinels
  A purple draconian zombie (Crypt:3)
  28 yaktaurs
  A pale draconian zombie (Crypt:1)
  2 spiny frogs (shapeshifter)
  A dire elephant skeleton (Crypt:1)
  10 komodo dragons
  4 rime drakes
  3 freezing wraiths (Crypt:1)
  3 kobold demonologists
  10 ice devils (IceCv)
  2 efreet
  9 trolls
  A human skeleton (Vaults:4)
  2 tengu conjurers
  4 guardian mummies (Crypt:3)
  A queen ant zombie (Crypt:1)
  A hornet (shapeshifter) (Vaults:2)
  A queen bee (shapeshifter) (Vaults:4)
  6 meliai (D:13)
  Grinder (D:4)
  11 tyrant leeches
  2 wind drakes
  15 bog bodies
  A harpy skeleton (D:15)
  20 dream sheep
  21 hornets
  43 slime creatures
  A raiju (shapeshifter) (Vaults:3)
  2 ettin zombies (Vaults:4)
  13 hippogriffs
  27 blink frogs
  2 air elementals
  A stone giant simulacrum (Vaults:3)
  4 shadows
  A spriggan (shapeshifter) (Vaults:3)
  An ettin skeleton (Crypt:1)
  43 yaks
  A water elemental (Orc:2)
  12 wraiths
  3 wyverns
  A hungry ghost (D:8)
  A basilisk (Lair:6)
  4 hogs (D:15)
  A fire dragon skeleton (Crypt:3)
  A fire elemental (Elf:3)
  14 vampire mosquitoes
  A neqoxec (D:10)
  6 wargs
  A steam dragon (D:14)
  55 nagas
  18 insubstantial wisps
  A soldier ant (shapeshifter) (Vaults:2)
  21 water moccasins
  A soldier ant (D:8)
  9 swamp worms
  3 acid dragons
  A monstrous demonspawn skeleton (Crypt:1)
  6 porcupines
  An infernal demonspawn zombie (Crypt:1)
  4 sky beasts
  A water nymph skeleton (Crypt:3)
  5 black bears
  14 swamp drakes
  A hornet zombie (D:14)
  2 phantoms (D:6)
  41 orc warriors
  4 ice beasts
  An eye of draining (D:15)
  44 ogres
  7 boggarts
  A dream sheep skeleton (Crypt:3)
  13 wolves
  2 snapping turtle skeletons
  21 centaurs
  14 crocodiles
  3 big kobolds
  22 bullfrogs
  2 earth elementals
  A water moccasin skeleton (Crypt:1)
  6 scorpions
  A spriggan zombie (Crypt:1)
  An orc simulacrum (Vaults:1)
  10 killer bees
  5 howler monkeys
  24 wights
  4 electric eels
  5 crimson imps
  A wolf zombie (Crypt:1)
  A lava snake (D:13)
  7 centaur zombies
  2 bullfrog zombies
  4 quasits (D:10)
  6 hounds
  5 jellies
  6 bullfrog skeletons
  40 orc wizards
  25 orc priests
  Natasha (D:2)
  3 iguanas
  A merfolk siren (Sewer)
  2 merfolk avatars
  11 worker ants
  6 troll simulacra (IceCv)
  2 centaur simulacra
  A dwarf skeleton (Crypt:2)
  3 worker ant zombies
  9 gnolls
  21 adders
  3 naga simulacra (IceCv)
  3 river rats (Sewer)
  6 shadow imps
  A white imp (Abyss:2)
  2 oozes (D:4)
  An adder skeleton (Crypt:1)
  5 worms
  2 dart slugs (D:3)
  17 leopard geckos
  84 orcs
  5 ball pythons
  6 giant cockroaches
  6 goblins
  6 hobgoblins
  11 jackals
  7 quokkas
  6 bats
  10 frilled lizards
  12 kobolds
  2 quokka skeletons (D:5)
  A quokka zombie (Crypt:3)
  34 rats
  2 crawling corpses (Elf:1)
1764 creatures vanquished.

Vanquished Creatures (collateral kills)
  A nagaraja (Snake:3)
  A naga mage (Snake:3)
2 creatures vanquished.

Vanquished Creatures (others)
  A hog (D:15)
  An orc wizard (Vaults:4)
  A rat zombie (Crypt:3)
  4 fungi
  21 plants
28 creatures vanquished.

Grand Total: 1794 creatures vanquished

Notes
Turn   | Place    | Note
-------+----------+-------------------------------------------
     0 | D:1      | Amplified the Centaur Monk began the quest for the Orb.
     0 | D:1      | Reached XP level 1. HP: 19/19 MP: 1/1
   244 | D:1      | Reached XP level 2. HP: 21/26 MP: 2/2
   540 | D:1      | Found a shattered altar of Ashenzari.
   580 | D:1      | Became a worshipper of Ashenzari the Shackled
   580 | D:1      | Reached * piety under Ashenzari
   580 | D:1      | Reached ** piety under Ashenzari
   795 | D:2      | Found an opulent altar of Gozag.
   796 | D:2      | Found a snail-covered altar of Cheibriados.
   846 | D:2      | Noticed Natasha
   856 | D:2      | Killed Natasha
   856 | D:2      | Reached XP level 3. HP: 27/33 MP: 3/3
  1054 | D:2      | Noticed a scorpion
  1065 | D:2      | Killed a scorpion
  1065 | D:2      | Reached skill level 4 in Fighting
  1065 | D:2      | Reached XP level 4. HP: 38/40 MP: 4/4
  1657 | D:2      | Found a shadowy altar of Dithmenos.
  1764 | D:3      | Noticed a centaur
  1795 | D:3      | Reached XP level 5. HP: 40/46 MP: 5/5
  1799 | D:3      | Killed a centaur
  2111 | D:3      | Reached skill level 1 in Bows
  2175 | D:3      | Found a sparkling altar of Nemelex Xobeh.
  2234 | D:3      | Reached XP level 6. HP: 43/55 MP: 6/6
  2273 | D:3      | Found a glowing drain.
  2277 | Sewer    | Entered a sewer
  2500 | Sewer    | Reached skill level 5 in Fighting
  3136 | D:4      | Found a shimmering blue altar of Sif Muna.
  3147 | D:4      | Reached XP level 7. HP: 27/61 MP: 7/7
  3716 | D:4      | Noticed Grinder
  3779 | D:4      | Paralysed by Grinder for 6 turns
  3788 | D:4      | Paralysed by Grinder for 7 turns
  3838 | D:4      | Paralysed by Grinder for 2 turns
  3840 | D:5      | Entered Level 5 of the Dungeon
  3860 | D:5      | Found a staircase to the Ecumenical Temple.
  3932 | D:5      | Reached skill level 6 in Fighting
  4313 | D:6      | Reached skill level 5 in Bows
  4402 | D:6      | Reached XP level 8. HP: 18/71 MP: 8/8
  4552 | D:6      | Noticed an unseen horror
  4552 | D:6      | a black bear changed into an unseen horror
  4563 | D:6      | Killed an unseen horror
  4563 | D:6      | Reached skill level 7 in Fighting
  4563 | D:6      | Reached skill level 5 in Polearms
  4563 | D:6      | Reached skill level 1 in Armour
  4900 | D:6      | Reached *** piety under Ashenzari
  5197 | D:6      | Reached XP level 9. HP: 47/79 MP: 9/9
  5441 | D:6      | Got the cursed leather armour "Vacafemo" {+Blink Int-4
                  | Stlth+}
  5522 | D:6      | Found Lafaih's Assorted Antiques.
  5530 | D:6      | Bought a scroll labeled ETO TUDEVA for 30 gold pieces
  5530 | D:6      | Bought a scroll labeled ICHAIDDUNE for 30 gold pieces
  5530 | D:6      | Bought a scroll labeled VURUVUXKATA for 30 gold pieces
  6138 | D:7      | Reached skill level 8 in Fighting
  6822 | D:8      | Noticed Erica
  6827 | D:8      | Killed Erica
  7079 | D:8      | Noticed a two-headed ogre
  7087 | D:8      | Killed a two-headed ogre
  7087 | D:8      | Reached skill level 9 in Fighting
  7087 | D:8      | Reached XP level 10. HP: 43/91 MP: 10/10
  7544 | D:8      | Reached skill level 10 in Bows
  7592 | D:8      | Found a staircase to the Lair.
  7882 | D:8      | Noticed Maurice
  7893 | D:8      | Paralysed by Maurice for 7 turns
  7907 | D:8      | Noticed Maurice
  7907 | D:8      | Maurice changed into Maurice the bullfrog
  7910 | D:8      | Killed Maurice the bullfrog
  8318 | D:9      | Found a burning altar of Makhleb.
  8326 | D:9      | Identified the +4 robe "Foveus" {Str+4}
  8788 | D:9      | Noticed Joseph
  8804 | D:9      | Killed Joseph
  8974 | D:10     | Entered Level 10 of the Dungeon
  8974 | D:10     | Found a transporter.
  8974 | D:10     | Reached **** piety under Ashenzari
  8975 | D:10     | Noticed fritzmikael's ghost (novice NaFi)
  9001 | D:10     | Reached skill level 10 in Fighting
  9161 | D:10     | Reached XP level 11. HP: 97/99 MP: 11/11
  9259 | D:10     | Found a staircase to the Orcish Mines.
  9513 | D:10     | Found a transporter.
  9774 | D:11     | Noticed a white ugly thing
  9782 | D:11     | Killed a white ugly thing
  9838 | D:11     | Noticed a sixfirhy
 10338 | D:11     | Got the cursed buckler of the Planets {Stlth+}
 10856 | D:12     | Reached ***** piety under Ashenzari
 10856 | D:12     | Noticed a brown ugly thing
 10857 | D:12     | Noticed a two-headed ogre
 10861 | D:12     | Killed a brown ugly thing
 10885 | D:12     | Killed a two-headed ogre
 10946 | D:12     | Noticed a two-headed ogre
 10975 | D:12     | Killed a two-headed ogre
 10989 | D:12     | Found a frozen archway.
 10996 | D:12     | Got the cursed scale mail of Tiedi {Dex+3 Stlth+}
 11011 | D:12     | Identified the cursed +0 scale mail of Tiedi {Dex+3 Stlth+}
                  | (You found it on level 12 of the Dungeon)
 11205 | IceCv    | Entered an ice cave
 11556 | IceCv    | Reached skill level 11 in Fighting
 12229 | IceCv    | Noticed a necromancer
 12231 | IceCv    | Identified the cursed +2 hand axe of Fragile Peace {chaos,
                  | Dex+4 Stlth+}
 12233 | IceCv    | Killed a necromancer
 12294 | IceCv    | Reached skill level 5 in Armour
 12424 | IceCv    | Reached XP level 12. HP: 107/110 MP: 12/12
 12912 | IceCv    | Reached skill level 10 in Polearms
 13517 | D:12     | Noticed a tengu warrior
 13540 | D:12     | Killed a tengu warrior
 13960 | Lair:1   | Entered Level 1 of the Lair of Beasts
 14173 | Lair:1   | Reached skill level 12 in Fighting
 15161 | Lair:2   | Got the uncursed ring mail "Qasuun" {rPois Int+4 SInv}
 15172 | Lair:2   | Identified the +1 ring mail "Qasuun" {rPois Int+4 SInv}
                  | (You found it on level 2 of the Lair of Beasts)
 15242 | Lair:2   | Found a staircase to the Swamp.
 15909 | Lair:3   | Found a staircase to the Snake Pit.
 15946 | Lair:3   | Reached XP level 13. HP: 119/119 MP: 13/13
 16028 | Lair:3   | Reached skill level 5 in Dodging
 16720 | Lair:4   | Identified the cursed +0 longbow of Wibabang {freeze,
                  | Int+3}
 16836 | Lair:4   | Reached skill level 13 in Fighting
 16961 | Lair:4   | Identified the +1 arbalest of Resourcefulness {freeze, +Inv
                  | +Fly Str-5 Dex+2 Stlth+}
 17284 | Lair:4   | Reached ****** piety under Ashenzari
 17735 | Lair:5   | Found a staircase to the Slime Pits.
 18566 | Lair:6   | Entered Level 6 of the Lair of Beasts
 18566 | Lair:6   | Noticed Josephine
 18847 | Lair:6   | Reached XP level 14. HP: 96/130 MP: 14/14
 18853 | Lair:6   | Noticed Urug
 18865 | Lair:6   | Killed Urug
 18889 | Lair:6   | Reached skill level 14 in Fighting
 19662 | Lair:6   | Killed Josephine
 19999 | Lair:6   | Identified a scroll of acquirement
 20718 | Orc:1    | Entered Level 1 of the Orcish Mines
 21198 | Orc:2    | Entered Level 2 of the Orcish Mines
 21198 | Orc:2    | Found a staircase to the Elven Halls.
 21270 | Orc:2    | Noticed an orc warlord
 21293 | Orc:2    | Noticed an orc warlord
 21297 | Orc:2    | Killed an orc warlord
 21812 | Orc:2    | Killed an orc warlord
 22056 | Orc:2    | Found a roughly hewn altar of Beogh.
 22093 | Orc:2    | Found Valieh Haul's Antique Weapon Shop.
 22151 | Orc:2    | Found Vilesewe's Book Shop.
 22157 | Orc:2    | Found Apuys's Antique Armour Shop.
 22161 | Orc:2    | Found Zebbot's General Store.
 22405 | Orc:2    | Bought a potion of curing for 48 gold pieces
 22405 | Orc:2    | Bought a potion of curing for 48 gold pieces
 22405 | Orc:2    | Bought a scroll of fear for 56 gold pieces
 22608 | Orc:2    | Found a roughly hewn altar of Beogh.
 22612 | Orc:2    | Found Doopuj's Assorted Antiques.
 22622 | Orc:2    | Bought a potion of heal wounds for 135 gold pieces
 22622 | Orc:2    | Bought a scroll of blinking for 202 gold pieces
 22622 | Orc:2    | Bought a brightly glowing chain mail for 256 gold pieces
 22622 | Orc:2    | Bought a scroll of identify for 54 gold pieces
 22622 | Orc:2    | Identified the +1 chain mail of the Moon Troll {rN+ Str+3
                  | Dex+5 Stlth-} (You bought it in a shop on level 2 of the
                  | Orcish Mines)
 23223 | D:14     | Found a stormy altar of Qazlal.
 23335 | D:14     | Found a runed translucent door.
 23469 | D:14     | Reached XP level 15. HP: 114/139 MP: 15/15
 23487 | D:14     | Reached skill level 15 in Fighting
 24064 | D:14     | Found a roughly hewn altar of Beogh.
 24115 | D:15     | Entered Level 15 of the Dungeon
 24121 | D:15     | Noticed Nessos
 24124 | D:15     | Noticed Nessos
 24124 | D:15     | Nessos changed into Nessos the wind drake
 24153 | D:15     | Killed Nessos the wind drake
 24205 | D:15     | Noticed Rupert
 24691 | D:15     | Noticed Kirke
 24695 | D:15     | Noticed a sphinx
 24748 | D:15     | Killed Kirke
 24754 | D:15     | Killed Rupert
 24754 | D:15     | Reached skill level 15 in Bows
 24990 | D:15     | Found a staircase to the Depths.
 25396 | Snake:1  | Entered Level 1 of the Snake Pit
 25607 | Elf:1    | Entered Level 1 of the Elven Halls
 26076 | Elf:1    | Noticed a deep elf sorcerer
 26089 | Elf:1    | Killed a deep elf sorcerer
 26927 | Elf:1    | Reached XP level 16. HP: 96/151 MP: 16/16
 27419 | Elf:3    | Entered Level 3 of the Elven Halls
 27422 | Elf:3    | Reached skill level 16 in Fighting
 27441 | Elf:3    | Reached skill level 10 in Armour
 27487 | Elf:3    | Cast into level 2 of the Abyss (a deep elf demonologist)
 27509 | Abyss:2  | Got the uncursed chain mail "Put-Me-On" {Dex+4}
 27669 | Elf:3    | Escaped the Abyss
 27672 | Elf:3    | Gained mutation: Scrolls take you a little longer to read.
                  | [a cacodemon]
 27683 | Elf:3    | Reached skill level 10 in Dodging
 27693 | Elf:3    | Reached skill level 1 in Spellcasting
 28530 | Swamp:1  | Entered Level 1 of the Swamp
 28764 | Swamp:1  | Noticed Frances
 28780 | Swamp:1  | Killed Frances
 29925 | Swamp:2  | Noticed Roxanne
 29936 | Swamp:2  | Found a hazy altar of Hepliaklqana.
 30064 | Swamp:2  | Noticed a tentacled monstrosity
 30071 | Swamp:2  | Killed a tentacled monstrosity
 30118 | Swamp:2  | Noticed Jorgrun
 30127 | Swamp:2  | Killed Jorgrun
 30430 | Swamp:2  | Identified the +7 rapier of Atyitt {vamp, Str+4}
 30726 | Swamp:3  | Identified the +11 hunting sling of a Labyrinth {speed,
                  | rC+}
 30903 | Swamp:3  | Noticed a thorn hunter
 30908 | Swamp:3  | Killed a thorn hunter
 31742 | Swamp:4  | Entered Level 4 of the Swamp
 31757 | Swamp:4  | Noticed a thorn hunter
 31765 | Swamp:4  | Killed a thorn hunter
 31855 | Swamp:4  | Reached XP level 17. HP: 83/160 MP: 23/23
 32064 | Swamp:4  | Noticed a tentacled monstrosity
 32098 | Swamp:4  | Identified the cursed +1 rapier of the Sky {pierce, *Slow
                  | +Blink Str+9 SInv}
 32603 | Swamp:4  | Killed a tentacled monstrosity
 32698 | Swamp:4  | Reached skill level 17 in Fighting
 32786 | Swamp:4  | Reached skill level 5 in Spellcasting
 33249 | Swamp:4  | Got a decaying rune of Zot
 33930 | D:13     | Identified the +7 chain mail "Put-Me-On" {Dex+4} (You found
                  | it on level 2 of the Abyss)
 34427 | D:13     | Found a gate to the Vaults.
 35032 | Vaults:1 | Entered Level 1 of the Vaults
 35528 | Vaults:1 | Reached XP level 18. HP: 52/170 MP: 27/27
 37546 | Vaults:2 | Reached skill level 18 in Fighting
 39652 | Snake:2  | Reached XP level 19. HP: 135/180 MP: 31/31
 39941 | Snake:2  | Noticed Agnes
 39974 | Snake:2  | Killed Agnes
 40741 | Snake:2  | Identified the amulet of Surprise {Faith Stlth+}
 41018 | Snake:3  | Found a runed translucent door.
 42207 | Snake:4  | Entered Level 4 of the Snake Pit
 42968 | Snake:4  | Reached skill level 19 in Fighting
 43519 | Snake:4  | Got a serpentine rune of Zot
 43576 | Snake:4  | Found a runed translucent gate.
 43576 | Snake:4  | Found a runed translucent gate.
 43576 | Snake:4  | Found a runed translucent gate.
 43577 | Snake:4  | Noticed thethe's ghost (adept TrWz)
 43671 | Snake:4  | Killed thethe's ghost
 43752 | Snake:4  | Reached XP level 20. HP: 184/191 MP: 33/33
 44467 | D:4      | Killed Grinder
 44574 | D:4      | Found a sparkling altar of Nemelex Xobeh.
 44692 | D:4      | Found a hide-covered altar of Uskayaw.
 44717 | D:4      | Found a runed translucent door.
 44717 | D:4      | Noticed Lemonice's ghost (novice GnWr)
 44772 | D:4      | Found Miqojaga's Gadget Emporium.
 45063 | D:4      | Killed Lemonice's ghost
 45299 | D:10     | Gained mutation: You are dopey. (Int -2) [a neqoxec]
 45311 | D:10     | Killed fritzmikael's ghost
 45311 | D:10     | Reached skill level 1 in Air Magic
 46063 | Vaults:2 | Identified the +0 chain mail "Gysuot" {rPois rC- rN+ Dex+4}
                  | (You found it on level 2 of the Vaults)
 47217 | Vaults:2 | Learned a level 1 spell: Apportation
 47220 | Vaults:2 | Learned a level 2 spell: Blink
 47224 | Vaults:2 | Learned a level 3 spell: Portal Projectile
 47364 | Vaults:2 | Reached skill level 10 in Spellcasting
 47409 | Vaults:2 | Reached skill level 5 in Air Magic
 47829 | Vaults:2 | Found a runed translucent door.
 47831 | Vaults:2 | Noticed Maplein's ghost (adept TrFi)
 48117 | Vaults:2 | Killed Maplein's ghost
 48299 | Vaults:3 | Found Ycogger's Book Boutique.
 48308 | Vaults:3 | Bought a manual of Fighting for 1876 gold pieces
 49000 | Vaults:4 | Reached skill level 20 in Fighting
 49187 | Vaults:4 | Identified the +9 long sword "Souhokus" {slice, rF+ MR-
                  | Stlth+}
 49406 | Vaults:4 | Reached XP level 21. HP: 175/201 MP: 35/35
 51333 | Vaults:3 | Found a staircase to the Crypt.
 51617 | Vaults:3 | Reached skill level 10 in Air Magic
 52168 | Crypt:1  | Entered Level 1 of the Crypt
 52341 | Crypt:1  | Noticed Mara
 52383 | Crypt:1  | Killed Mara
 52383 | Crypt:1  | Reached skill level 21 in Fighting
 53352 | Crypt:3  | Entered Level 3 of the Crypt
 53563 | Crypt:3  | Noticed Xtahua
 53607 | Crypt:3  | Noticed Jory
 53608 | Crypt:3  | Found the +18 shield of the Gong {rElec rN+ MR+ EV-5}
 53615 | Crypt:3  | Paralysed by a vampire knight for 3 turns
 53659 | Crypt:3  | Paralysed by a vampire knight for 3 turns
 53662 | Crypt:3  | HP: 6/206 [Xtahua] (15)]
 53663 | Crypt:3  | Slain by a vampire knight

Levels and vault maps discovered:
D:1:      zelgadis_glass_arrival_large, layout_rooms, ashenzari_altar_1
D:2:      layout_loops_ring, chequers_temple_overflow_statue_of_worship,
          grunt_dithmenos_smoke_and_mirrors, serial_co_window_serial,
          co_window_cross_1, co_window_of_opportunity_a, co_window_paths_a,
          co_window_paths_a, co_window_corner_a, co_window_paths_a,
          co_window_broadway_c, co_window_2corner, co_window_of_opportunity_b,
          co_window_2corner, co_window_of_opportunity_b, co_window_sun,
          co_window_paths_d, glass_columns_a, glass_columns_a, glass_columns_b,
          uniq_natasha
D:3:      layout_rooms, gup_sewer_entry_bowl, nemelex_xobeh_ov_fountains_minmay
D:4:      layout_loops_ring, overflow_temple_1_default,
          overflow_temple_1_default, serial_shops, shop, gammafunk_ghost_grave,
          first_ration, nemelex_dance_club_becter, uniq_grinder
D:5:      layout_rooms, minmay_temple_entry_drinking_statues
D:6:      layout_loops_corners, serial_shops, nicolae_shop_stone
D:7:      layout_loops_ring
D:8:      layout_basic, hangedman_pestilent_swarm, uniq_erica, uniq_maurice
D:9:      layout_basic, bloody_makhleb, uniq_joseph
D:10:     minmay_general_purpose_star, layout_basic, gammafunk_ghost_stat_death
D:11:     layout_grid_maze, minmay_sticks_and_stones
D:12:     layout_rooms, portal_ice_cave_entry_pillars_2,
          minmay_fractal_squares_5
D:13:     argonaut_augean_stables, layout_basic,
          hangedman_vaults_entry_quadrant_bands, kennysheep_island_fort
D:14:     layout_irregular_city, minmay_misc_feat_square, basic_altar,
          lightli_church_of_beogh
D:15:     grunt_enter_depths_snipers, layout_loops_ring, uniq_nessos,
          uniq_rupert, uniq_kirke
Lair:1:   layout_loops_ring, infiniplex_staircase_pool_2, grunt_megastairs_5,
          lemuel_fruit_tree
Lair:2:   layout_loops_ring, swamp_mist_pool, st_stairs_12
Lair:3:   layout_loops_ring, minmay_snake_entry_six_corridors
Lair:4:   layout_regular_city, st_stairs_8, nicolae_quartered_pool_little,
          grunt_megastairs_3
Lair:5:   layout_hall_layers, minmay_slime_entry_pillars, grunt_megastairs_2
Lair:6:   gammafunk_lair_ancient_temple, layout_regular_city,
          chequers_serial_rivers_micro_d, minmay_lair_oklob_items,
          serial_bayou_shore_a, uniq_josephine, uniq_urug
Swamp:1:  layout_basic_swamp, evilmike_swamp_ruin_house_4, uniq_frances
Swamp:2:  layout_basic_swamp, lemuel_altar_in_water, uniq_jorgrun, uniq_roxanne
Swamp:3:  layout_basic_swamp, nicolae_swamp_very_dense_foliage, swamp_pool2,
          nicolae_swamp_fairy_circle, nicolae_swamp_feature_on_the_river_bank
Swamp:4:  swamp_basic_johnstein, layout_basic_swamp, swamp_pool4
Snake:1:  layout_onion, drop_trap
Snake:2:  kennysheep_snake, layout_misc_corridors,
          nrook_guardian_serpent_ordinary, uniq_agnes
Snake:3:  layout_gridlike, lightli_airlock
Snake:4:  snake_pit, layout_gridlike, ebering_ghost_rock_garden
Orc:1:    layout_caves
Orc:2:    grunt_orc_cross, layout_caves, serial_shops, nicolae_shop_waterfront,
          basic_altar
Elf:1:    minmay_elf_arrival_plus, layout_geoelf_octagon,
          hangedman_elf_disciples
Elf:2:    layout_gridlike, serial_shops, nicolae_shop_crystal
Elf:3:    minmay_elf_hall_dome, layout_loops_ring, grunt_megastairs_4
Vaults:1: v_misc_1, nicolae_vaults_network_periphery, vaults_dpeg_ring,
          vaults_room_glass_cross, ontoclasm_vaults_ring_small,
          layout_vaults_omnigrid
Vaults:2: ebering_vaults_ghost_reflecting_pool, ontoclasm_vaults_chip,
          vaults_room_grid, vaults_mumra_chevron_long, v_alt_pattern_3,
          grunt_vaults_twisty, nicolae_vaults_big_angled_halls, v_misc_8,
          nicolae_vaults_border_crossing, vaults_room_corners, v_misc_28,
          hangedman_vaults_hat, layout_vaults_maze_bifur
Vaults:3: ontoclasm_vaults_idyll, nicolae_vaults_sealed_display,
          nicolae_vaults_stairing_the_circle, nicolae_vaults_network_s,
          ontoclasm_vaults_chip, nicolae_vaults_big_angled_halls, v_misc_17,
          hangedman_vaults_capsules, minmay_crypt_entry_simple_statues,
          vaults_mumra_hexcomb, layout_vaults_chaotic_city, serial_shops,
          nicolae_shop_temple_entry_statues_fountains
Vaults:4: v_rooms_5, hangedman_vaults_river_flow, grunt_vaults_hallway_short,
          hangedman_vaults_pinch, ontoclasm_vaults_shout,
          ontoclasm_vaults_shuriken, nicolae_vaults_big_ls,
          vaults_standard_mumra_lines, hangedman_vaults_unwind,
          nicolae_vaults_gold_heap, layout_vaults_omnibox
Crypt:1:  layout_misc_corridors, serial_sigils_hangedman_scratch, minivault_24,
          roderic_lattice_octagonal_star, uniq_mara
Crypt:2:  layout_misc_corridors
Crypt:3:  due_elkab, layout_chaotic_city, tomb_entry_simple_bobbens,
          minivault_26, uniq_xtahua

Skill      XL: |  1  2  3  4  5  6  7  8  9 10 11 12 13 14 15 16 17 18 19 20 21 |
---------------+----------------------------------------------------------------+-----
Polearms       | 3 4 5 7 8 9 11 | 11.3
Fighting       | 4 5 6 7 9 10 11 12 13 14 15 16 17 18 19 20 21 | 21.7
Bows           | 1 3 5 7 9 11 12 13 14 15 | 15.2
Dodging        | 3 4 7 8 9 10 11 12 13 | 13.6
Armour         | 1 3 4 5 7 8 9 10 11 12 13 | 13.7
Spellcasting   | 4 6 8 9 10 11 | 11.9
Air Magic      | 8 12 | 12.3
Stealth        | |  1.1

Action                   |  1- 3 |  4- 6 |  7- 9 | 10-12 | 13-15 | 16-18 | 19-21 || total
-------------------------+-------+-------+-------+-------+-------+-------+-------++-------
Melee: Spear             |   114 |   215 |    17 |       |       |       |       ||   346
       Kick              |    20 |    53 |   105 |   214 |   214 |       |       ||   606
       Trident           |       |       |   344 |       |       |       |       ||   344
       Unarmed           |       |       |     2 |       |       |       |       ||     2
       Halberd           |       |       |    34 |   798 |   598 |       |       ||  1430
 Fire: Shortbow          |       |    69 |       |       |       |       |       ||    69
       Longbow           |       |       |       |       |   930 |  1805 |  2134 ||  4869
Throw: Dart              |       |       |     7 |     5 |     3 |       |       ||    15
Invok: Curse Item        |       |     1 |       |     3 |     1 |       |       ||     5
Evoke: Wand              |       |     5 |     8 |    15 |     6 |     6 |     7 ||    47
       Lightning rod     |       |       |       |       |     6 |       |       ||     6
  Use: Scroll            |     4 |     2 |     7 |    12 |    15 |    19 |    17 ||    76
       Potion            |     2 |     7 |     2 |     7 |     7 |    10 |    15 ||    50
 Stab: Sleeping          |     1 |       |       |       |       |       |       ||     1
       Paralysed         |       |    13 |       |    11 |       |       |       ||    24
       Distracted        |       |       |       |     1 |       |       |       ||     1
       Invisible         |       |       |       |     9 |       |       |       ||     9
  Eat: Chunk             |       |     6 |    17 |    13 |    14 |     7 |    12 ||    69
       Ration            |       |       |       |     3 |     4 |     7 |     6 ||    20
Armor: Robe              |    14 |       |       |       |       |       |       ||    14
       Scale mail        |    26 |    76 |   157 |   179 |       |       |       ||   438
       Ring mail         |       |       |       |    10 |   246 |   261 |   174 ||   691
       Chain mail        |       |       |       |       |       |       |   111 ||   111
Dodge: Dodged            |    43 |    80 |   134 |   210 |   442 |   508 |   462 ||  1879
